 Dungeon Crawl Stone Soup version 0.25-a0-589-g1e14c549ee (webtiles) character file.

Game seed: 12731371864194309041, levelgen mode: deterministic

50 Eurus the Conjurer (level 3, -3/24 HPs)
             Began as a Mummy Conjurer on Mar 9, 2020.
             Slain by Terence
             ... wielding a +0 hand axe
              (5 damage)
             ... on level 2 of the Dungeon.
             The game lasted 00:03:13 (1469 turns).

Eurus the Conjurer (Mummy Conjurer)                 Turns: 1469, Time: 00:03:13

Health: -3/24      AC:  2    Str: 11    XL:     3   Next: 55%
Magic:  0/7        EV: 12    Int: 15    God:
Gold:   106        SH:  0    Dex: 12    Spells: 5/8 levels left

rFire    x . .     SeeInvis .   b - +0 dagger
rCold    + . .     Gourm    .   (no shield)
rNeg     + + +     Faith    .   a - +0 robe
rPois    ∞         Spirit   .   (no helmet)
rElec    .         Reflect  .   (no cloak)
rCorr    .         Harm     .   (no gloves)
MR       .....                  (no boots)
Stlth    ++........             (no amulet)
HPRegen  0.08/turn              (no ring)
MPRegen  0.10/turn              (no ring)

@: no status effects
A: no food or potions, fire vulnerability, cold resistance 1, negative energy
resistance 3, torment resistance, unbreathing
a: no special abilities


You were on level 2 of the Dungeon.
You were not hungry.

You visited 1 branch of the dungeon, and saw 2 of its levels.

You collected 106 gold pieces.

Inventory:

Hand Weapons
 b - a +0 dagger (weapon)
 i - a +0 vampiric hand axe
Armour
 a - a +0 robe (worn)
 h - a +0 kite shield
Scrolls
 c - 2 scrolls of amnesia {unknown}
 d - a scroll of teleportation {unknown}
 e - a scroll of fear {unknown}
 f - a scroll of noise {unknown}
 g - a scroll of identify {unknown}


   Skills:
 - Level 1.5 Dodging
 - Level 1.5 Stealth
 + Level 0.5 Shields
 + Level 3.4 Spellcasting
 * Level 4.0 Conjurations


You had 5 spell levels left.
You knew the following spells:

 Your Spells              Type           Power        Failure   Level  Hunger
a - Magic Dart            Conj           ##..         3%          1    N/A
b - Searing Ray           Conj           ##....       5%          2    N/A

Your spell library contained the following spells:

 Spells                   Type           Power        Failure   Level  Hunger
 Dazzling Flash           Conj/Hex       #.....       26%         3    N/A
 Fulminant Prism          Conj/Hex       #.........   63%         4    N/A
 Iskenderun's Mystic Bla  Conj/Tloc      #.......     63%         4    N/A

Dungeon Overview and Level Annotations

Branches:
Dungeon (2/15)

Altars:
Hepliaklqana
Makhleb
Trog
Vehumet

Annotations:
D:2 Terence


Innate Abilities, Weirdness & Mutations

You do not eat or drink.
Your flesh is vulnerable to fire.
You are immune to poison.
Your flesh is cold resistant. (rC+)
You are immune to negative energy. (rN+++)
You are immune to unholy pain and torment.
You can survive without breathing.


Message History

Press: ? - help, Shift-Dir - straight line, f/p - Terence
Aim: Terence, wielding a +0 hand axe and wearing a +2 scale mail of magic resistance (almost dead)
The magic dart hits Terence but does no damage.
Terence is almost dead.
Terence hits you with a +0 hand axe.
You closely miss Terence.
Terence is almost dead.
Terence hits you with a +0 hand axe.
* * * LOW HITPOINT WARNING * * *
You closely miss Terence.
Terence is almost dead.
Terence misses you.
You hit Terence but do no damage.
Terence is almost dead.
Terence hits you with a +0 hand axe.
* * * LOW HITPOINT WARNING * * *
You hit Terence but do no damage.
Terence is almost dead.
Terence hits you with a +0 hand axe.
You die...

....###########........####......
........# ######.##.### #......
#.....#.... .......##...###......
##..#.## ## ###........##.....
##....###########.#####...(....#
###.........)...........#.##...
...............##..#####.##.###..
..########....###....###.##..#...
#...#...@@...............
#...######.#..........<). #####
#.......###...#. .....#####.#
#.#### ...#.......###.# #
...........##..####
...#...###.....##..
..w...#....###..##.# ######
######...##......##..


You could see Terence.

Vanquished Creatures
  2 adders (D:2)
  An ooze (D:1)
  A leopard gecko (D:2)
  2 bats (D:2)
  3 giant cockroaches
  6 hobgoblins
  3 frilled lizards
  2 goblins (D:1)
  3 kobolds
  3 rats
26 creatures vanquished.

Notes
Turn   | Place    | Note
-------+----------+-------------------------------------------
     0 | D:1      | Eurus the Mummy Conjurer began the quest for the Orb.
     0 | D:1      | Reached XP level 1. HP: 13/13 MP: 4/4
   540 | D:1      | Reached XP level 2. HP: 19/19 MP: 1/6
   544 | D:1      | Learned a level 2 spell: Searing Ray
   945 | D:2      | Reached XP level 3. HP: 24/24 MP: 3/7
  1074 | D:2      | Found a faded altar of an unknown god.
  1258 | D:2      | Found a radiant altar of Vehumet.
  1258 | D:2      | Found a burning altar of Makhleb.
  1267 | D:2      | Reached skill level 4 in Conjurations
  1305 | D:2      | Found a bloodstained altar of Trog.
  1309 | D:2      | Found a faded altar of an unknown god.
  1311 | D:2      | Found a hazy altar of Hepliaklqana.
  1370 | D:2      | Noticed Terence
  1469 | D:2      | Slain by Terence

Levels and vault maps discovered:
D:1:      nicolae_arrival_memento_mori, layout_rooms
D:2:      layout_rooms, lemuel_coloured_pillars_altar,
          chequers_temple_overflow_minitemple, first_ration,
          chequers_ecumenical_altar_twisty, uniq_terence

Skill      XL: |  1  2  3 |
---------------+----------+-----
Spellcasting   | 3 |  3.4
Conjurations   | 4 |  4.0
Dodging        | |  1.5
Stealth        | |  1.5
Shields        | |  0.5

Action                   || total
-------------------------++-------
Melee: Dagger            ||    28
 Cast: Magic Dart        ||    45
       Searing Ray       ||     6
 Stab: Sleeping          ||     1
Armor: Robe              ||     6
Dodge: Dodged            ||    18

Table legend:
 A = Non-vault XP
 B = Vault XP
 C = Vault XP percentage of total XP
 D = Non-vault monster count
 E = Vault monster count
 F = Vault count percentage of total count
                 A         B        C        D         E       F
            +---------+---------+-------+---------+---------+-------
      Total |      72 |       0 |   0.0 |      26 |       0 |   0.0
            +---------+---------+-------+---------+---------+-------
        D:1 |      29 |       0 |   0.0 |      15 |       0 |   0.0
        D:2 |      43 |       0 |   0.0 |      11 |       0 |   0.0
            +---------+---------+-------+---------+---------+-------
